 Dungeon Crawl Stone Soup version 0.20.0-15-g7f486f2 (webtiles) character file.

52747 Chiseanne the Fighter (level 14, -1/116 HPs)
             Began as a Demonspawn Wanderer on June 22, 2017.
             Was an Initiate of Gozag.
             Slain by a two-headed ogre
             ... wielding a +0 giant spiked club
              (8 damage)
             ... on level 2 of the Orcish Mines.
             The game lasted 01:08:00 (27358 turns).

Chiseanne the Fighter (Demonspawn Wanderer)        Turns: 27358, Time: 01:08:00

Health: -1/116     AC: 18    Str: 29    XL:     14   Next: 28%
Magic:  25/25      EV: 16    Int: 16    God:    Gozag
Gold:   1387       SH:  0    Dex: 14    Spells: 26/28 levels left

rFire    . . .     SeeInvis +   a - +6 great sword "Gaokhlus" {freeze, rElec rF- rC+}
rCold    + . .     Gourm    .   (shield currently unavailable)
rNeg     + . .     Faith    .   I - +0 scale mail of Xeibba {+Fly rCorr Dex-2 SInv}
rPois    +         Spirit   .   (helmet restricted)
rElec    +         Reflect  .   d - +0 cloak
rCorr    +         Harm     .   (no gloves)
MR       ++++.     Clarity  +   M - +0 pair of boots
Stlth    ..........             q - amulet of the Four Winds {rN+ MR+++ Clar}
Regen    0.3/turn               e - ring "Gunocuoc" {*Corrode rPois EV-2 Str+6 Int+2} (curse)
MPRegen  0.2/turn               g - ring of the Oligarchy {AC+2 Str+4 SInv}

@: mighty
A: horns 2, yellow scales 3, fire resistance 1, powered by pain 1, flame cloud
immunity
a: Potion Petition, Call Merchant, Bribe Branch, Renounce Religion, Evoke Flight


You were on level 2 of the Orcish Mines.
You worshipped Gozag.
Gozag was most pleased with you.
You were not hungry.

You visited 3 branches of the dungeon, and saw 18 of its levels.

You collected 4415 gold pieces.
You spent 1612 gold pieces at shops.
You paid 1416 gold pieces to Gozag.

Inventory:

Hand Weapons
 a - the +6 great sword "Gaokhlus" (weapon) {freeze, rElec rF- rC+}
   (You bought it in a shop on level 11 of the Dungeon)

   It has been specially enchanted to freeze those struck by it, causing extra
   injury to most foes and up to half again as much damage against particularly
   susceptible opponents.
   It can also slow down cold-blooded creatures.
   It makes you vulnerable to fire.
   It protects you from cold.
   It insulates you from electricity.
 h - a +0 scimitar of flaming
 s - the +7 hand axe "Neerutwi" {venom, +Blink +Fly MR-}
   (You found it on level 7 of the Dungeon)

   It poisons the flesh of those it strikes.
   It affects your resistance to hostile enchantments.
   It lets you fly.
   It lets you blink.
 w - a +0 blowgun
 Q - a +2 arbalest of freezing
Missiles
 i - 149 bolts
 m - 47 poisoned needles
 o - 9 curare-tipped needles
Armour
 c - a +1 shield of reflection
 d - a +0 cloak (worn)
 I - the +0 scale mail of Xeibba (worn) {+Fly rCorr Dex-2 SInv}
   (You found it on level 4 of the Dungeon)

   It affects your dexterity (-2).
   It lets you see invisible.
   It lets you fly.
   It protects you from acid and corrosion.
 M - a +0 pair of boots (worn)
Jewellery
 e - the cursed ring "Gunocuoc" (left hand) {*Corrode rPois EV-2 Str+6 Int+2}
   (You bought it in a shop on level 8 of the Dungeon)

   [ring of evasion]

   It affects your evasion (-2).
   It affects your strength (+6).
   It affects your intelligence (+2).
   It protects you from poison.
   It may corrode you when you take damage.
   It has a curse placed upon it.
 g - the ring of the Oligarchy (right hand) {AC+2 Str+4 SInv}
   (You bought it in a shop on level 8 of the Dungeon)

   [ring of protection]

   It affects your AC (+2).
   It affects your strength (+4).
   It lets you see invisible.
 n - an uncursed ring of flight
 q - the amulet of the Four Winds (around neck) {rN+ MR+++ Clar}
   (You bought it in a shop on level 8 of the Dungeon)

   [amulet of nothing]

   It protects you from negative energy.
   It affects your resistance to hostile enchantments.
   It protects you against confusion.
 y - the amulet "Seys" {Reflect rPois Str+2 SH+4}
   (You found it on level 11 of the Dungeon)

   [amulet of reflection]

   It shields you and reflects attacks.
   It affects your strength (+2).
   It protects you from poison.
   It affects your SH (+4).
 K - an uncursed amulet of rage
Wands
 T - a wand of enslavement (0/24)
 W - a wand of scattershot (0/9)
Scrolls
 b - 3 scrolls of fear
 z - 2 scrolls of blinking
 D - 11 scrolls of remove curse
 O - 11 scrolls of teleportation
Potions
 l - 5 potions of curing
 A - 2 potions of cancellation
 B - a potion of mutation {unknown}
 N - a potion of magic {unknown}
 P - a potion of might {unknown}
 R - 2 potions of heal wounds
 X - a potion of resistance {unknown}
Miscellaneous
 U - a fan of gales
Comestibles
 j - a meat ration


   Skills:
 * Level 12.8 Fighting
 - Level 1.5 Throwing
 * Level 11.7 Armour
 * Level 11.6 Dodging
 - Level 1.0 Stealth
 - Level 1.0 Shields
 - Level 1.7 Unarmed Combat
 * Level 7.9 Spellcasting
   Level 2.1 Necromancy
 - Level 9.0 Evocations


You had 26 spell levels left.
You knew the following spells:

 Your Spells              Type           Power        Failure   Level  Hunger
a - Call Imp              Summ           #.......     30%         2    None


Dungeon Overview and Level Annotations

Branches:
Dungeon (15/15)            Temple (1/1) D:4            Lair (0/6) D:9
    Orc (2/2) D:12         Vaults (0/5) D:13         Depths (0/5) D:15
    Elf: Orc:2

Altars:
Ashenzari
Cheibriados
Dithmenos
Elyvilon
Fedhas
Gozag
Hepliaklqana
Kikubaaqudgha
Makhleb
Nemelex Xobeh
Okawaru
Qazlal
Ru
Sif Muna
Trog
Uskayaw
Vehumet
Xom
Yredelemnul
Zin
The Shining One

Shops:
D:8 *=   D:11 (   D:14 %


Innate Abilities, Weirdness & Mutations

You have a pair of horns on your head.
You are completely covered in yellow scales. (AC +4, rCorr)
Your flesh is heat resistant. (rF+)
You sometimes gain a little power by taking damage.
You are immune to clouds of flame.


Message History

You closely miss the two-headed ogre.
You headbutt the two-headed ogre, but do no damage.
The two-headed ogre is heavily wounded.
The two-headed ogre hits you with a giant spiked club!
The two-headed ogre hits you but does no damage.
You hit the two-headed ogre. You freeze the two-headed ogre.
Your headbutt misses the two-headed ogre.
The two-headed ogre is heavily wounded.
The two-headed ogre hits you with a giant spiked club!
* * * LOW HITPOINT WARNING * * *
The two-headed ogre barely misses you.
You slash the two-headed ogre! You freeze the two-headed ogre.
The two-headed ogre is severely wounded.
The two-headed ogre hits you with a giant spiked club!!
* * * LOW HITPOINT WARNING * * *
You focus on the pain.
You feel very mighty all of a sudden.
The two-headed ogre hits you with a giant spiked club!
You die...
Your body crumbles into a pile of gold.

. ............# #.
..(.........####...
...##.(.........#.....
.....#................
..$.......................
.....(()..................
........(.[[.....(........
........))[)....(..........
.........)@O.)[..#.........
..........))..).##.........
..............)(.#.........
.............(((.().....#..
.................(.........
.......#..#....((.#.......
................(#.#......
...#.##..................
..### ##..##.....$......$


You could see a two-headed ogre.

Vanquished Creatures
  A stone giant (Orc:2)
  A juggernaut skeleton (D:15)
  2 hydras
  A centaur warrior (D:15)
  14 two-headed ogres
  5 ogre magi
  An orc high priest (Orc:1)
  A tengu warrior (D:15)
  A vampire mage (D:15)
  The ghost of Cral the Purveyor of Pain, a novice DsNe of Kikubaaqudgha (D:10)
  2 skeletal warriors (D:15)
  2 unseen horrors
  Pikel (D:6)
  An ironbrand convoker (D:13)
  A necromancer (D:15)
  An orc knight (D:13)
  A deep elf mage (D:14)
  8 ugly things
  3 manticores
  An orc sorcerer (D:14)
  6 centaur zombies
  2 cyclopes (D:15)
  2 frost giant skeletons (D:15)
  A gargoyle (D:10)
  5 centaur skeletons
  2 komodo dragons
  2 kobold demonologists
  An efreet (D:13)
  A yaktaur (D:14)
  A tengu conjurer (D:14)
  3 meliai (D:13)
  A queen bee (shapeshifter) (D:15)
  5 trolls
  3 hornets
  3 hippogriffs
  A spriggan (D:7)
  A wyvern (D:15)
  3 wraiths
  3 vampires
  A hog (shapeshifter) (D:15)
  5 hungry ghosts
  12 yaks
  Grum (D:7)
  2 basilisks
  A fire elemental (D:14)
  3 vampire mosquitoes (D:15)
  A soldier ant (D:15)
  4 wargs
  2 acid dragons
  2 water moccasins
  12 orc warriors
  2 black bears
  2 slaves (D:6)
  5 ice beasts
  22 ogres
  3 sky beasts
  3 phantoms
  An eye of draining (D:12)
  15 centaurs
  2 wolves
  3 big kobolds
  A bullfrog (shapeshifter) (D:13)
  6 bullfrogs
  A wyvern skeleton (D:13)
  10 killer bees (D:10)
  3 scorpions
  13 wights
  7 howler monkeys
  2 bullfrog zombies (D:12)
  2 lava snakes (D:14)
  5 crimson imps
  A quasit (D:7)
  2 jellies
  4 orc priests
  3 bullfrog skeletons
  5 hounds
  2 gnoll shamans
  13 orc wizards
  An iguana (D:3)
  Ijyb (D:3)
  10 worker ants
  2 killer bee zombies
  2 hound zombies
  A hound skeleton (D:5)
  A howler monkey zombie (D:11)
  Robin (D:4)
  A howler monkey skeleton (D:4)
  2 worker ant zombies
  9 adders
  15 gnolls
  8 shadow imps
  2 oozes
  2 adder zombies
  An adder skeleton (D:5)
  A dart slug (D:1)
  6 leopard geckos
  55 orcs
  A ball python (D:4)
  7 bats
  3 giant cockroaches
  21 goblins
  17 hobgoblins
  16 jackals
  16 kobolds
  4 quokkas
  3 frilled lizards
  A quokka skeleton (D:5)
  A quokka zombie (D:5)
  8 rats
498 creatures vanquished.

Vanquished Creatures (collateral kills)
  A basilisk (D:15)
1 creature vanquished.

Vanquished Creatures (others)
  A wizard (D:10)
  A deep troll zombie (D:15)
  A shadow (D:13)
3 creatures vanquished.

Grand Total: 502 creatures vanquished

Notes
Turn   | Place    | Note
-------+----------+-------------------------------------------
     0 | D:1      | Chiseanne the Demonspawn Wanderer began the quest for the Orb.
     0 | D:1      | Chiseanne set off with: a +2 dagger, a scroll of fear, a potion of curing, a scroll of teleportation, a +0 robe, a bread ration
     0 | D:1      | Reached XP level 1. HP: 16/16 MP: 2/2
   152 | D:1      | Gained mutation: You have a pair of small horns on your head. [demonic ancestry]
   152 | D:1      | Reached XP level 2. HP: 4/22 MP: 3/3
   451 | D:1      | Reached skill level 1 in Armour
  1139 | D:1      | Gained mutation: Your flesh is heat resistant. (rF+) [demonic ancestry]
  1139 | D:1      | Reached XP level 3. HP: 25/28 MP: 4/4
  1481 | D:2      | Found a glowing silver altar of Zin.
  2222 | D:3      | Reached skill level 3 in Fighting
  2500 | D:3      | Reached XP level 4. HP: 34/35 MP: 5/5
  2645 | D:3      | Noticed Ijyb
  2658 | D:3      | Killed Ijyb
  2833 | D:3      | Noticed an ogre
  2846 | D:3      | Killed an ogre
  2846 | D:3      | Reached XP level 5. HP: 41/41 MP: 6/6
  3370 | D:3      | Gained mutation: You sometimes gain a little power by taking damage. [demonic ancestry]
  3370 | D:3      | Reached XP level 6. HP: 47/48 MP: 7/7
  3385 | D:3      | Reached skill level 4 in Fighting
  3869 | D:4      | Learned a level 2 spell: Call Imp
  4014 | D:4      | Noticed Robin
  4037 | D:4      | Killed Robin
  4037 | D:4      | Reached skill level 1 in Throwing
  4300 | D:4      | Got a brightly glowing scale mail
  4383 | D:4      | Found a stormy altar of Qazlal.
  4594 | D:4      | Found a staircase to the Ecumenical Temple.
  4610 | Temple   | Entered the Ecumenical Temple
  4622 | Temple   | Identified the +0 scale mail of Xeibba {+Fly rCorr Dex-2 SInv} (You found it on level 4 of the Dungeon)
  4717 | Temple   | Became a worshipper of Gozag Ym Sagoz the Greedy
  4817 | D:5      | Entered Level 5 of the Dungeon
  4872 | D:5      | Reached XP level 7. HP: 24/55 MP: 9/9
  5377 | D:5      | Found a shadowy altar of Dithmenos.
  5953 | D:5      | Found a burning altar of Makhleb.
  6277 | D:6      | Reached skill level 5 in Fighting
  6542 | D:6      | Noticed Pikel
  6578 | D:6      | Killed Pikel
  6578 | D:6      | Gained mutation: You are immune to clouds of flame. [demonic ancestry]
  6578 | D:6      | Reached XP level 8. HP: 23/64 MP: 12/12
  7084 | D:6      | Got a crystal dagger
  7086 | D:6      | Identified the cursed +2 dagger of the Living Dead {speed, -Tele rN++ Str+4} (You found it on level 6 of the Dungeon)
  7200 | D:7      | Reached skill level 5 in Armour
  7200 | D:7      | Reached skill level 5 in Dodging
  7205 | D:7      | Reached skill level 6 in Fighting
  7213 | D:7      | Got a brightly glowing hand axe
  7386 | D:7      | Gained mutation: You are partially covered in yellow scales. (AC +2) [demonic ancestry]
  7386 | D:7      | Reached XP level 9. HP: 27/69 MP: 13/13
  7982 | D:7      | Identified the +7 hand axe "Neerutwi" {venom, +Blink +Fly MR-} (You found it on level 7 of the Dungeon)
  8071 | D:7      | Noticed a two-headed ogre
  8088 | D:7      | Killed a two-headed ogre
  8088 | D:7      | Reached skill level 7 in Fighting
  8321 | D:7      | Reached skill level 5 in Evocations
  8894 | D:8      | Noticed Grum
  8900 | D:8      | HP: 1/73 [wolf[Grum] (4)]
  9241 | D:7      | Reached XP level 10. HP: 29/80 MP: 14/14
  9473 | D:7      | Killed Grum
  9506 | D:8      | Reached skill level 8 in Fighting
  9821 | D:8      | Bought a cursed ring of loudness for 54 gold pieces
  9885 | D:8      | Found a sparkling altar of Nemelex Xobeh.
  9885 | D:8      | Found a shattered altar of Ashenzari.
  9915 | D:8      | Found Biohik's Assorted Antiques.
  9918 | D:8      | Bought a puce potion for 27 gold pieces
  9918 | D:8      | Bought a scroll of identify for 60 gold pieces
 10817 | D:9      | Found a staircase to the Lair.
 11867 | D:8      | Bought the ring of the Oligarchy {AC+2 Str+4 SInv} for 355 gold pieces
 11889 | D:10     | Entered Level 10 of the Dungeon
 12221 | D:10     | Reached skill level 9 in Fighting
 12595 | D:10     | Noticed a two-headed ogre
 12597 | D:10     | Killed a two-headed ogre
 12597 | D:10     | Gained mutation: You are mostly covered in yellow scales. (AC +3) [demonic ancestry]
 12597 | D:10     | Reached XP level 11. HP: 89/89 MP: 16/16
 12632 | D:10     | Noticed Cral's ghost (novice DsNe)
 12660 | D:10     | Killed Cral's ghost
 13375 | D:10     | Found a bloodstained altar of Trog.
 13376 | D:10     | Noticed a wizard
 13382 | D:10     | Killed a wizard
 14109 | D:8      | Bought the amulet of the Four Winds {rN+ MR+++ Clar} for 526 gold pieces
 14171 | D:11     | Found Buschouq's Antique Weapon Boutique.
 14185 | D:11     | Noticed an unseen horror
 14205 | D:11     | Killed an unseen horror
 14354 | D:11     | Got a shimmering zirconium amulet
 14484 | D:11     | Noticed a two-headed ogre
 14494 | D:11     | Killed a two-headed ogre
 14497 | D:11     | Reached skill level 10 in Fighting
 15012 | D:11     | Noticed a seven-headed hydra
 15314 | D:12     | Noticed a two-headed ogre
 15330 | D:12     | Killed a two-headed ogre
 15539 | D:11     | Bought a scorched great sword for 322 gold pieces
 15541 | D:11     | Identified the +6 great sword "Gaokhlus" {freeze, rElec rF- rC+} (You bought it in a shop on level 11 of the Dungeon)
 16125 | D:12     | Reached XP level 12. HP: 96/98 MP: 18/18
 16221 | D:12     | Found a staircase to the Orcish Mines.
 16517 | D:12     | Identified the amulet "Seys" {Reflect rPois Str+2 SH+4} (You found it on level 11 of the Dungeon)
 16545 | D:13     | Noticed a two-headed ogre
 16555 | D:13     | Killed a two-headed ogre
 16558 | D:13     | Found a gate to the Vaults.
 16558 | D:13     | Noticed a two-headed ogre
 16558 | D:13     | Noticed an ogre mage
 16570 | D:13     | Killed a two-headed ogre
 16576 | D:13     | Killed an ogre mage
 17933 | D:13     | Reached skill level 11 in Fighting
 18583 | D:14     | Reached skill level 10 in Armour
 18592 | D:14     | Reached skill level 10 in Dodging
 20126 | D:14     | Reached skill level 5 in Spellcasting
 20364 | D:14     | Gained mutation: You are completely covered in yellow scales. (AC +4, rCorr) [demonic ancestry]
 20364 | D:14     | Reached XP level 13. HP: 26/106 MP: 20/20
 21208 | D:15     | Entered Level 15 of the Dungeon
 21821 | D:15     | Found a staircase to the Depths.
 22561 | D:14     | Bought a fruit for 18 gold pieces
 22561 | D:14     | Bought a royal jelly for 24 gold pieces
 23291 | D:15     | Found a burning altar of Makhleb.
 23636 | D:15     | Reached skill level 12 in Fighting
 25213 | D:8      | Bought the cursed ring "Gunocuoc" {*Corrode rPois EV-2 Str+6 Int+2} for 226 gold pieces
 25326 | Orc:1    | Entered Level 1 of the Orcish Mines
 25691 | Orc:2    | Entered Level 2 of the Orcish Mines
 25898 | Orc:1    | Gained mutation: You have a pair of horns on your head. [demonic ancestry]
 25898 | Orc:1    | Reached XP level 14. HP: 106/116 MP: 25/25
 26537 | Orc:2    | Noticed a stone giant
 26872 | Orc:2    | Killed a stone giant
 27358 | Orc:2    | Slain by a two-headed ogre

Skill      XL: |  1  2  3  4  5  6  7  8  9 10 11 12 13 |
---------------+----------------------------------------+-----
Armour         | 1 2 3 4 5 6 7 9 10 11 | 11.7
Dodging        | 2 3 4 5 6 7 9 10 11 | 11.6
Fighting       | 3 4 5 6 7 9 10 11 12 | 12.8
Throwing       | 1 |  1.5
Spellcasting   | 2 5 7 |  7.9
Evocations     | 2 3 5 7 8 9 |  9.0
Stealth        | |  1.0
Shields        | |  1.0
Unarmed Combat | |  1.7
Necromancy     | |  2.1

Action                   |  1- 3 |  4- 6 |  7- 9 | 10-12 | 13-15 || total
-------------------------+-------+-------+-------+-------+-------++-------
Melee: Dagger            |   135 |   203 |   186 |       |       ||   524
       Headbutt          |    14 |    39 |    54 |   165 |   115 ||   387
       Punch             |     1 |     2 |     1 |     3 |       ||     7
       Unarmed           |       |     3 |       |       |       ||     3
       Short sword       |       |     6 |    75 |       |       ||    81
       Hand axe          |       |       |    64 |   481 |    16 ||   561
       Great sword       |       |       |       |   173 |   307 ||   480
       Scimitar          |       |       |       |       |     6 ||     6
 Fire: Blowgun           |       |     4 |     5 |       |       ||     9
       Arbalest          |       |       |       |       |    15 ||    15
Throw: Javelin           |       |       |     4 |     6 |    10 ||    20
       Tomahawk          |       |       |       |     1 |    16 ||    17
Invok: Call Merchant     |       |       |       |     1 |     1 ||     2
 Abil: Evoke Berserk Rag |       |       |       |     1 |       ||     1
Evoke: Wand              |       |       |       |    14 |    15 ||    29
  Use: Potion            |     2 |       |       |     7 |     1 ||    10
       Scroll            |     5 |     7 |     7 |    12 |     7 ||    38
 Stab: Distracted        |       |       |     1 |     2 |     1 ||     4
       Invisible         |       |       |       |     4 |     2 ||     6
  Eat: Chunk             |     5 |     8 |       |       |       ||    13
       Royal jelly       |       |       |     3 |     7 |     2 ||    12
       Bread ration      |       |       |     3 |     6 |     2 ||    11
       Fruit             |       |       |       |     8 |     1 ||     9
       Meat ration       |       |       |       |       |     2 ||     2
Armor: Scale mail        |    71 |    81 |   103 |   366 |   167 ||   788
Dodge: Dodged            |    55 |   112 |   227 |   800 |   384 ||  1578
       Rpst.: Great sword |       |       |       |    68 |    94 ||   162
       Scimitar          |       |       |       |       |     2 ||     2
